AoeStats
← 妙手回春

African Clearing

505584897Analyzed
3v3 RM · 22d ago on Sep 10, 2026· 46m 15s· 6 players
Game mode
Random Map
Map size
Normal (6 player)
Population
200
Speed
Normal
Resources
Standard
Victory
Conquest
Starting age
Dark Age
Ending age
Imperial Age
RankedLock teamsTeams togetherTeam positionsShared explorationLock speedFull tech treeHidden civsTurbo modeCheats
Victory
Defeat
🇨🇳 Berbers · China
1370
+15
🇲🇽 Spanish · Mexico
1369
+15
🇲🇽 Huns · Mexico
1312
+17
🇺🇸 Mongols · United States
1433
-20
🇺🇸 Italians · United States
1313
-14
🇺🇸 Khitans · United States
1268
-13
Axel
6:07 Loom
13:56 Feudal Age
17:58 Castle Age
17:46 Double-Bit Axe
22:02 Fletching
24:42 Bodkin Arrow
29:11 Ballistics
29:32 Padded Archer Armor
Swix
12:59 Loom
15:43 Feudal Age
16:59 Double-Bit Axe
19:28 Castle Age
17:54 Fishing Lines
20:24 Bow Saw
21:23 Town Watch
22:14 Wheelbarrow
23:55 Horse Collar
29:46 Fletching
30:35 Hand Cart
36:01 Imperial Age
35:14 Scale Mail Armor
36:54 Chain Mail Armor
36:49 Forging
36:29 Capped Ram
38:15 Drill
38:16 Conscription
39:26 Plate Mail Armor
39:50 Bodkin Arrow
40:39 Squires
41:23 Nomads
41:03 Pikeman
41:37 Siege Ram
43:32 Coinage
43:04 Bracer
43:39 Iron Casting
43:43 Elite Mangudai
Jangles
5:59 Loom
13:43 Feudal Age
16:27 Forging
25:00 Castle Age
26:48 Double-Bit Axe
30:58 Domestication
34:03 Town Watch
35:39 Husbandry
38:56 Scale Barding Armor
39:30 Iron Casting
43:15 Wheelbarrow
43:50 Chain Barding Armor
El cochi
10:12 Loom
12:14 Feudal Age
13:05 Double-Bit Axe
13:01 Horse Collar
21:41 Castle Age
22:07 Forging
22:32 Scale Barding Armor
33:25 Imperial Age
31:32 Bow Saw
32:09 Wheelbarrow
31:56 Heavy Plow
33:24 Fletching
33:50 Capped Ram
35:06 Conscription
36:30 Chemistry
38:32 Two-Man Saw
39:42 Gold Mining
42:16 Elite Conquistador
victorH
6:17 Loom
12:07 Feudal Age
16:54 Castle Age
16:50 Fletching
24:52 Bodkin Arrow
25:43 Padded Archer Armor
26:08 Horse Collar
35:59 Wheelbarrow
39:44 Imperial Age
37:56 Leather Archer Armor
40:57 Parthian Tactics
40:00 Heavy Cavalry Archer
41:03 Bracer
41:52 Ballistics
42:52 Chemistry
42:35 Double-Bit Axe
44:32 Elite Genitour
妙手回春
13:33 Feudal Age
17:32 Castle Age
18:07 Double-Bit Axe
19:28 Bow Saw
19:17 Gold Mining
20:41 Loom
21:31 Wheelbarrow
26:19 Fletching
26:34 Padded Archer Armor
26:25 Horse Collar
29:59 Town Watch
31:02 Bloodlines
30:52 Husbandry
32:45 Gold Shaft Mining
32:01 Stone Mining
33:27 Heavy Plow
33:45 Leather Archer Armor
33:25 Bodkin Arrow
36:50 Imperial Age
34:49 Ballistics
34:41 Masonry
34:01 Elite Skirmisher
37:09 Hand Cart
36:43 Fishing Lines
38:15 Hoardings
38:22 Elite Camel Archer
39:23 Bracer
39:53 Ring Archer Armor
39:23 Bracer
40:54 Scale Barding Armor
40:59 Forging
41:07 Husbandry
40:27 Cavalier
42:57 Chain Barding Armor
43:12 Iron Casting
44:31 Chemistry
44:44 Plate Barding Armor
45:09 Blast Furnace
44:12 Light Cavalry
45:10 Siege Engineers
44:58 Hussar
Connection lost

Rejoining the realm…

Still unreachable

The connection could not be restored.

Session expired

The server has moved on; the page needs a fresh start.